 Dungeon Crawl Stone Soup version 0.18.1-48-g4cf74bf (webtiles) character file.

55 glosham the Sneak (level 3, -3/26 HPs)
             Began as a High Elf Abyssal Knight on Sept 13, 2016.
             Was a Follower of Lugonu.
             Slain by a bone dragon (13 damage)
             ... on level 2 of the Abyss.
             The game lasted 00:04:10 (143 turns).

glosham the Sneak (High Elf Abyssal Knight)          Turns: 143, Time: 00:04:11

Health: -3/26      AC:  3    Str: 12    XL:     3   Next: 67%
Magic:  5/5        EV: 12    Int: 16    God:    Lugonu [*.....]
Gold:   33         SH:  0    Dex: 14    Spells: 0 memorised, 2 levels left

rFire  . . .     SeeInvis .     a - +1 falchion
rCold  . . .     Gourm    .     b - +0 leather armour
rNeg   . . .     Faith    .     (no shield)
rPois  .         Spirit   .     (no helmet)
rElec  .         Dismiss  .     (no cloak)
rCorr  .         Reflect  .     (no gloves)
SustAt .         Harm     .     (no boots)
MR     .....                    (no amulet)
Stlth  ++........               (no ring)
                                (no ring)

@: exhausted, not resistant to hostile enchantments, unstealthy
A: no striking features
a: Depart the Abyss, Renounce Religion


You were on level 2 of the Abyss.
You worshipped Lugonu.
Lugonu was aware of your devotion.
You were not hungry.

You visited 0 branches of the dungeon, and saw 0 of its levels.
You visited the Abyss 1 time.

You collected 33 gold pieces.

Inventory:

Hand Weapons
 a - a +1 falchion (weapon)
 f - a +0 battleaxe
Armour
 b - a +0 leather armour (worn)
Miscellaneous
 g - a fan of gales (inert)
Comestibles
 c - a bread ration


   Skills:
 - Level 3.0 Fighting
 - Level 2.4 Long Blades
 - Level 0.8 Armour
 - Level 2.1 Dodging
 + Level 4.1 Stealth
 - Level 2.0 Invocations


You had 2 spell levels left.
You didn't know any spells.

Dungeon Overview and Level Annotations

Branches:
Dungeon (0/15)

Altars:


Message History

w - Wait here. f - Follow me.
Anything else - Stay silent.
Wait here!
The substance of the Abyss twists violently, and a gateway leading out appears!
Your air elemental hits the small abomination!
The small abomination hits your air elemental.
Your air elemental closely misses the small abomination.
Found a glowing chain mail.
The small abomination hits your air elemental!!
Your air elemental is destroyed!
A bone dragon comes into view.
The ufetubus shouts!
Drink which item? (? for menu, Esc to quit)
It was a potion of berserk rage.
A red film seems to cover your vision as you go berserk!
You feel yourself moving faster!
You feel mighty! The ufetubus hits you. The ufetubus misses you.
You feel a strong urge to attack something.
You barely miss the ufetubus. The ufetubus hits you.
The ufetubus hits you but does no damage.
You slash the ufetubus!
You kill the ufetubus!
Your Stealth skill increases to level 4!
You feel a strong urge to attack something.
You are no longer berserk.
You are exhausted.
You feel yourself slow down.
Drink which item? (? for menu, Esc to quit)
It was a potion of cancellation.
Your magical effects are unravelling.
You feel magically purged.
You feel yourself speed up.
Found a scroll labeled FYADEVEHYR.
Found a scroll labeled ZAPUZI MEMIMY.
Found a radiant altar of Vehumet.
A raiju comes into view.
Found a pair of gloves.
The bone dragon bites you. The bone dragon claws you!
Ouch! That really hurt!
You die...

.#. . .#..... . ... ....
..... ..... ...
#.....#..... .. ..
#...## ...###. ##.##
##.## ##.## # ..
##...###...###...## .
...#.....#.....#.....#.
........................
#...@.#.....#4 ...#..
#....D##.#x...#..#.#
....#[#...x.#......###.#
##.#.....ยง.#..#.#.## .#
....##.#..##..# # #
..#.# #.#.## # ..# .#..#
#.#.# ..#.# .## #####
#.. . #...


You could see a bone dragon and a small abomination.

Vanquished Creatures
  An ufetubus (Abyss:2)
1 creature vanquished.

Vanquished Creatures (collateral kills)
  A small abomination (Abyss:2)
1 creature vanquished.

Grand Total: 2 creatures vanquished

Notes
Turn   | Place    | Note
--------------------------------------------------------------
     0 | Abyss:1  | glosham the High Elf Abyssal Knight began the quest for the Orb.
     0 | Abyss:1  | Reached XP level 1. HP: 16/16 MP: 3/3
    45 | Abyss:2  | Noticed a worldbinder
    48 | Abyss:2  | Noticed an orange demon
    53 | Abyss:2  | Noticed a small abomination
    85 | Abyss:2  | Noticed a small abomination
    91 | Abyss:2  | Killed a small abomination
    91 | Abyss:2  | Reached skill level 3 in Stealth
    91 | Abyss:2  | Reached XP level 2. HP: 12/21 MP: 4/4
    91 | Abyss:2  | Reached XP level 3. HP: 15/26 MP: 5/5
   100 | Abyss:2  | Noticed a bone dragon
   107 | Abyss:2  | Reached skill level 4 in Stealth
   124 | Abyss:2  | Found a radiant altar of Vehumet.
   129 | Abyss:2  | Noticed a raiju
   143 | Abyss:2  | Slain by a bone dragon

Skill      XL: |  1  2  3 |
---------------+----------+-----
Stealth        | 3 4 |  4.1
Fighting       | |  3.0
Long Blades    | |  2.4
Armour         | |  0.8
Dodging        | |  2.1
Invocations    | |  2.0

Action                   || total
-------------------------++-------
Melee: Falchion          ||     2
Evoke: Fan of gales      ||     1
  Use: Potion            ||     2
Armor: Leather armour    ||     1
Dodge: Dodged            ||     5

Table legend:
 A = Turns spent in this place as a percentage of turns spent in the entire game.
 B = Non-inter-level travel turns spent in this place as a percentage of non-inter-level travel turns spent in the entire game.
 C = Inter-level travel turns spent in this place as a percentage of turns spent in this place.
 D = Turns resting spent in this place as a percentage of non-inter-level travel turns spent in this place.
 E = Turns spent auto-exploring this place as a percentage of non-inter-level travel turns spent in this place.
 F = Non-inter-level travel turns spent in this place divided by the number of levels of this place that you've seen.
                   A       B       C       D       E      F
               +-------+-------+-------+-------+-------+----------------------
         Total | 100.0 | 100.0 |   0.0 |   0.0 |   0.0 |  73.0
         Abyss | 100.0 | 100.0 |   0.0 |   0.0 |   0.0 |  73.0
               +-------+-------+-------+-------+-------+----------------------

Table legend:
 A = Kills in this place as a percentage of kills in entire the game.
 B = Kills by you in this place as a percentage of kills by you in the entire game.
 C = Kills by friends in this place as a percentage of kills by friends in the entire game.
 D = Other kills in this place as a percentage of other kills in the entire game.
 E = Experience gained in this place as a percentage of experience gained in the entire game.
 F = Experience gained in this place divided by the number of levels of this place that you have seen.
                   A       B       C       D       E      F
               +-------+-------+-------+-------+-------+----------------------
         Total | 100.0 | 100.0 | 100.0 |  -nan | 100.0 |  39.5
         Abyss | 100.0 | 100.0 | 100.0 |  -nan | 100.0 |  39.5
               +-------+-------+-------+-------+-------+----------------------

Vault maps used:
Abyss:2:  hangedman_abyss_mock_shop
